 Dungeon Crawl Stone Soup version 0.24-a0-250-g6074511 (webtiles) character file.

Game seed: 11278129843082502951

42 Borgoz the Cutter (level 3, -3/33 HPs)
             Began as a Kobold Gladiator on Apr 15, 2019.
             Killed from afar by an orc wizard (6 damage)
             ... with a magic dart
             ... on level 4 of the Dungeon.
             The game lasted 00:02:12 (937 turns).

Borgoz the Cutter (Kobold Gladiator)                 Turns: 937, Time: 00:02:13

Health: -3/33      AC: 21    Str: 12    XL:     3   Next: 80%
Magic:  4/4        EV:  3    Int:  9    God:
Gold:   106        SH:  0    Dex: 16    Spells: 4/4 levels left

rFire    . . .     SeeInvis .   a - +0 rapier
rCold    . . .     Gourm    .   (shield restricted)
rNeg     + + +     Faith    .   (armour currently unavailable)
rPois    +         Spirit   .   (helmet currently unavailable)
rElec    .         Reflect  .   (cloak currently unavailable)
rCorr    .         Harm     .   (gloves currently unavailable)
MR       .....     NoTele   +   (boots currently unavailable)
Stlth    ++........             (no amulet)
HPRegen  0.11/turn              (no ring)
MPRegen  0.09/turn              (no ring)

@: tree-form
A: small, carnivore
a: no special abilities


You were on level 4 of the Dungeon.
You were very full.
You were a tree.
You visited 1 branch of the dungeon, and saw 3 of its levels.

You collected 106 gold pieces.

Inventory:

Hand Weapons
 a - a +0 rapier (weapon)
Missiles
 d - a throwing net (quivered)
Armour
 b - a +0 leather armour (melded)
 c - a +0 helmet (melded)
 j - a +0 pair of gloves (melded)
Scrolls
 h - a scroll of magic mapping {unknown}
 i - 2 scrolls of identify {unknown}
Comestibles
 f - 3 rations
 k - 5 chunks of flesh


   Skills:
 + Level 2.6 Fighting
 + Level 4.4 Short Blades
 - Level 2.1 Throwing
 + Level 0.7 Armour
 + Level 4.0 Dodging
 + Level 1.6 Stealth
 + Level 1.0 Spellcasting


You had 4 spell levels left.
You didn't know any spells.
Your spell library was empty.

Dungeon Overview and Level Annotations

Branches:
Dungeon (2/15)

Altars:


Innate Abilities, Weirdness & Mutations

You are small and have problems with some larger weapons.
You are carnivorous and can eat meat at any time.


Message History

The puff of frost misses you.
It was a potion of lignification.
You turn into a tree.
Your +0 helmet melds into your body.
Your +0 pair of gloves melds into your body.
Your +0 leather armour melds into your body.
Your roots penetrate the ground.
The orc hits you but does no damage. x2
Something hits you but does no damage. The orc hits you but does no damage.
You closely miss something. The orc hits you but does no damage. x3
Something hits you but does no damage.
You hit something but do no damage. The orc hits you but does no damage.
You hear some strange, mumbled words.
A magic dart appears from out of thin air!
The magic dart hits you but does no damage.
The orc hits you but does no damage. x2
Unknown command.
You closely miss something.
You hear some strange, mumbled words.
A magic dart appears from out of thin air!
The magic dart hits you.
You die...

##...(...#
#..%.....#
........#
.......#
......#
#.....##
#.{o...##
#♣o....#
##o.....#
#...#..
####


You could see 3 orcs.

Vanquished Creatures
  An adder (D:2)
  A worm (D:2)
  A dart slug (D:1)
  An orc (D:4)
  A giant cockroach (D:1)
  6 hobgoblins
  5 kobolds
  2 bats
  3 frilled lizards (D:1)
  3 goblins (D:1)
  4 rats
28 creatures vanquished.

Notes
Turn   | Place    | Note
-------+----------+-------------------------------------------
     0 | D:1      | Borgoz the Kobold Gladiator began the quest for the Orb.
     0 | D:1      | Reached XP level 1. HP: 12/12 MP: 1/1
   130 | D:1      | Reached XP level 2. HP: 17/17 MP: 2/2
   270 | D:1      | Reached skill level 1 in Stealth
   466 | D:1      | Reached XP level 3. HP: 22/22 MP: 3/3
   828 | D:2      | Reached skill level 1 in Spellcasting
   913 | D:2      | You fall through a shaft for 2 floors!
   933 | D:4      | HP: 1/22 [orc/+0 hand axe (6)]
   937 | D:4      | Killed from afar by an orc wizard

Levels and vault maps discovered:
D:1:      grunt_arrival_crossed_arrows, layout_loops_ring,
          minmay_split_cup_large
D:2:      layout_loops_cross, old_standard_altar
D:4:      layout_layer_cave, lemuel_crystal_altar, kennysheep_mini,
          lemuel_coloured_pillars_altar, serial_shops, shop,
          kennysheep_cross_room, minmay_tree_intersection, tgw_trog

Skill      XL: |  1  2  3 |
---------------+----------+-----
Stealth        | 1 |  1.6
Dodging        | 4 |  4.0
Spellcasting   | 1 |  1.0
Fighting       | |  2.6
Short Blades   | |  4.4
Throwing       | |  2.1
Armour         | |  0.7

Action                   || total
-------------------------++-------
Melee: Rapier            ||    89
Throw: Throwing net      ||     2
  Use: Potion            ||     3
 Stab: Sleeping          ||     3
  Eat: Chunk             ||     8
Armor: Leather armour    ||    24
       Skin              ||    12
Dodge: Dodged            ||    96

Table legend:
 A = Non-vault XP
 B = Vault XP
 C = Vault XP percentage of total XP
 D = Non-vault monster count
 E = Vault monster count
 F = Vault count percentage of total count
                 A         B        C        D         E       F
            +---------+---------+-------+---------+---------+-------
      Total |      55 |       6 |   9.8 |      24 |       4 |  14.3
            +---------+---------+-------+---------+---------+-------
        D:1 |      23 |       6 |  20.7 |      14 |       4 |  22.2
        D:2 |      29 |       0 |   0.0 |       9 |       0 |   0.0
        D:4 |       3 |       0 |   0.0 |       1 |       0 |   0.0
            +---------+---------+-------+---------+---------+-------
